Map: Vigília Leste LE

Players

IagoAbreu - Winner!

  • Race: Zerg Zerg
  • League: Gold
  • Spawn Location: 1:00

Achtung

  • Race: Terran Terran
  • League: Silver
  • Spawn Location: 7:00

VOD

Have the link to the VOD?

Description

Time

  • Played on: May 5, 2018, 9:08 a.m.
  • Length: 30:21
Show
View Real Time Build Order
Export as new Build Order

IagoAbreu Zerg - Winner!

Build Orders: Hatch First, Swarm Host 

Get SALT Encoding   

  12  0:07  Drone  
  13  0:08  Drone  
  14  0:24  Overlord  
  14  0:45  Hatchery  
  13  0:51  Drone  
  14  0:57  Drone x2  
  16  1:16  Spawning Pool  
  15  1:18  Drone  
  15  1:20  Drone  
  17  1:31  Drone  
  18  1:35  Overlord  
  18  1:38  Extractor  
  17  1:46  Evolution Chamber  
  16  1:49  Drone  
  16  1:52  Extractor  
  16  1:58  Drone  
  17  2:08  Drone  
  18  2:10  Drone  
  18  2:11  Queen  
  21  2:20  Drone x2  
  23  2:28  Queen  
  25  2:33  Drone x2  
  27  2:49  Drone x2  
  29  3:08  Roach Warren  
  29  3:09  Zerg Missile Weapons Level 1  
  28  3:14  Drone x3  
  31  3:25  Hatchery  
  30  3:33  Drone x2  
  30  3:34  Drone x3  
  35  3:48  Zergling x2  
  36  3:50  Overlord x2  
  36  3:52  Overlord  
  36  4:07  Queen  
  38  4:23  Zergling x4  
  38  4:24  Zergling x14  
  43  4:25  Zergling x6  
  50  4:44  Lair  
  50  4:51  Drone x2  
  52  4:58  Roach x3  
  52  4:59  Roach x2  
  62  5:13  Zerg Ground Armor Level 1  
  50  5:46  Spire  
  48  6:01  Overlord  
  48  6:02  Roach  
  48  6:03  Roach x4  
  58  6:09  Overlord  
  58  6:11  Overlord x3  
  58  6:13  Overlord  
  58  6:30  Extractor  
  58  6:32  Extractor  
  56  6:47  Ravager x2  
  56  6:48  Ravager x6  
  56  6:49  Ravager  
  56  6:53  Roach x2  
  69  6:57  Drone x3  
  69  6:58  Drone  
  69  7:00  Drone x4  
  69  7:01  Drone x5  
  81  7:07  Drone  
  81  7:08  Drone x5  
  86  7:09  Drone x6  
  94  7:16  Ravager  
  94  7:19  Overseer  
  90  8:02  Mutalisk, Overlord  
  90  8:03  Mutalisk x3  
  98  8:06  Zergling x6  
  101  8:20  Pneumatized Carapace  
  101  8:22  Hatchery  
  100  8:29  Zerg Flyer Weapons Level 1  
  100  8:38  Queen  
  102  8:50  Overseer  
  102  8:54  Mutalisk  
  102  8:55  Mutalisk x2  
  106  8:57  Zergling x12  
  114  9:07  Overlord x3  
  114  9:08  Overlord x2  
  114  9:32  Infestation Pit  
  114  9:33  Hatchery  
  114  9:34  Hydralisk Den  
  114  9:37  Glial Reconstitution  
  111  9:39  Zerg Missile Weapons Level 2  
  93  10:54  Swarm Host x2  
  93  10:55  Swarm Host x5  
  114  10:58  Swarm Host x3  
  114  10:59  Swarm Host x2  
  114  11:03  Swarm Host  
  124  11:27  Queen  
  126  11:38  Drone x3  
  130  11:40  Drone x3  
  132  11:53  Overseer  
  132  11:54  Overseer x2  
  132  12:06  Extractor  
  132  12:07  Extractor  
  130  12:09  Drone x4  
  130  12:10  Drone  
  129  13:22  Zergling x6  
  129  13:23  Zergling x28  
  129  13:24  Zergling x26  
  129  13:25  Zergling x14  
  160  13:48  Metabolic Boost  
  160  13:52  Hive  
  68  14:24  Mutalisk x4  
  68  14:25  Mutalisk x8  
  68  14:26  Mutalisk x6  
  104  14:34  Zergling x20  
  104  14:35  Zergling x4  
  65  15:51  Zerg Flyer Weapons Level 2  
  65  16:02  Extractor  
  64  16:04  Extractor  
  63  17:08  Overlord x4  
  63  17:09  Overlord x2  
  63  17:16  Corruptor x5  
  63  17:17  Corruptor x2  
  63  17:18  Mutalisk x5  
  63  17:19  Mutalisk x5, Corruptor  
  63  17:20  Mutalisk  
  101  17:23  Zergling x2  
  101  17:24  Zergling x14  
  109  17:38  Zerg Melee Weapons Level 1  
  105  18:16  Corruptor x2  
  105  18:17  Corruptor x6  
  121  18:36  Extractor x2  
  121  18:38  Drone x4  
  123  19:01  Zerg Flyer Weapons Level 3  
  123  19:13  Hydralisk  
  123  19:14  Hydralisk x6  
  123  19:15  Hydralisk x6  
  149  19:18  Hydralisk  
  149  19:20  Zergling x4  
  149  19:21  Zergling x12  
  159  19:52  Zergling x4  
  161  19:53  Overlord x5  
  161  19:54  Zergling x6  
  161  19:55  Zergling x4  
  166  20:38  Zerg Missile Weapons Level 3  
  166  20:51  Mutalisk, Corruptor  
  166  20:52  Mutalisk x7, Corruptor x4  
  166  20:53  Mutalisk x3, Corruptor  
  200  20:59  Overseer x3  
  200  21:00  Overseer  
  200  21:02  Overseer  
  135  22:33  Zergling x2  
  135  22:34  Zergling x2  
  135  22:35  Zergling x14  
  135  22:36  Zergling x14  
  119  22:40  Zergling x6  
  119  22:41  Zergling x6  
  119  22:42  Zergling x8  
  119  22:43  Hydralisk x3  
  97  22:58  Corruptor x6  
  97  22:59  Corruptor x9  
  121  23:45  Corruptor x11  
  120  24:55  Greater Spire  
  120  25:29  Hatchery  
  119  25:53  Overlord x3  
  119  25:54  Overlord x4  
  119  26:13  Overseer  
  119  27:12  Corruptor x4  
  119  27:13  Corruptor x2  
  131  27:27  Queen  
  133  28:15  Brood Lord x6  
  133  28:19  Brood Lord x4  
  153  28:22  Corruptor  
  153  28:23  Corruptor x4  
  163  28:28  Overlord  
  163  28:29  Overlord x7  
  163  28:48  Extractor  
  163  28:49  Extractor  
  161  29:18  Corruptor x11  
  161  29:19  Corruptor x8  
Show
View Real Time Build Order
Export as new Build Order

Achtung Terran 

Build Orders: Command Center First (CC) 

Get SALT Encoding   

  12  0:02  SCV  
  13  0:14  SCV  
  13  0:17  Supply Depot  
  14  0:26  SCV  
  15  0:39  SCV  
  16  0:59  Command Center  
  16  1:01  SCV  
  17  1:13  Barracks  
  17  1:16  SCV  
  18  1:29  Barracks  
  18  1:30  SCV  
  19  1:42  SCV  
  19  1:46  Refinery  
  20  1:48  Refinery  
  20  1:53  Supply Depot  
  20  2:02  Marine  
  20  2:04  SCV  
  22  2:14  Bunker  
  22  2:20  Marine  
  23  2:23  SCV, Refinery  
  24  2:30  Marine  
  24  2:35  SCV  
  26  2:38  Marine  
  27  2:46  Engineering Bay  
  27  2:50  SCV  
  28  2:52  Marine  
  28  2:56  SCV  
  30  3:01  Refinery  
  30  3:02  SCV  
  31  3:08  SCV  
  31  3:12  Bunker  
  32  3:15  Marine  
  32  3:19  SCV  
  35  3:41  SCV  
  35  3:46  Marine x2  
  35  3:48  Hi-Sec Auto Tracking  
  37  3:53  Factory  
  37  3:57  Planetary Fortress  
  37  4:05  SCV  
  37  4:07  Marine x2  
  40  4:14  Missile Turret  
  40  4:35  Bunker  
  40  4:36  Factory Tech Lab  
  40  4:43  Missile Turret  
  40  4:44  Neosteel Frame  
  40  4:48  Marine x2  
  42  5:14  Command Center  
  41  5:22  Missile Turret  
  41  5:29  SCV  
  42  5:37  Siege Tank  
  45  5:52  Starport  
  45  5:53  Missile Turret  
  45  6:02  SCV  
  45  6:03  Building Armor  
  46  6:14  Supply Depot  
  46  6:25  Marine x2  
  48  6:34  Missile Turret  
  45  6:45  Siege Tank  
  48  6:53  SCV  
  49  6:58  SCV  
  50  7:05  SCV  
  51  7:10  SCV  
  51  7:12  Factory  
  52  7:17  Marine x2, Siege Tank  
  52  7:18  SCV  
  59  7:22  SCV  
  59  7:35  SCV  
  60  7:39  Missile Turret  
  57  8:04  Factory Tech Lab  
  57  8:10  Missile Turret  
  57  8:13  Missile Turret  
  57  8:16  SCV  
  57  8:19  SCV  
  59  8:22  Refinery  
  59  8:24  Refinery  
  59  8:28  SCV  
  59  8:29  Marine x2  
  59  8:31  SCV  
  63  8:39  Starport  
  63  8:40  SCV  
  64  8:42  Starport  
  64  8:43  SCV  
  64  8:45  Starport  
  65  8:49  Fusion Core  
  65  8:53  Supply Depot  
  65  8:56  Supply Depot  
  65  9:00  Siege Tank  
  68  9:05  Supply Depot  
  68  9:07  Supply Depot  
  68  9:14  Siege Tank  
  71  9:22  Starport Tech Lab  
  71  9:23  Starport Tech Lab x3  
  71  9:45  Weapon Refit  
  71  9:49  Siege Tank  
  68  10:09  Battlecruiser x2  
  80  10:17  Missile Turret  
  80  10:21  Missile Turret  
  79  10:38  Viking  
  79  10:39  Viking  
  78  10:51  Missile Turret  
  78  10:56  Missile Turret  
  71  10:59  Missile Turret  
  66  11:08  Viking  
  64  11:30  SCV  
  65  11:42  Battlecruiser x2, SCV  
  78  11:55  SCV  
  79  12:05  Siege Tank  
  79  12:06  Siege Tank  
  85  12:18  SCV  
  86  12:30  SCV  
  86  12:34  Orbital Command  
  87  12:42  SCV  
  61  14:50  Battlecruiser x2  
  73  15:26  Battlecruiser x2  
  82  15:50  Missile Turret  
  82  15:54  Missile Turret  
  82  16:27  Supply Depot  
  82  16:51  Battlecruiser  
  82  16:53  Battlecruiser  
  94  17:03  Supply Depot  
  94  18:12  Battlecruiser  
  100  18:22  Supply Depot  
  100  18:43  Medivac  
  102  18:59  Battlecruiser  
  108  19:07  Supply Depot  
  108  19:28  Battlecruiser  
  114  19:34  Supply Depot  
  114  20:00  Battlecruiser x2  
  114  20:06  Supply Depot  
  126  20:42  Supply Depot  
  126  20:52  Supply Depot  
  126  20:53  Battlecruiser  
  132  21:13  Battlecruiser  
  138  21:38  Battlecruiser  
  144  22:06  Battlecruiser  
  56  23:22  Planetary Fortress  
  56  23:29  Bunker  
Tags
 
Add a new tag
Caveats
  • Supply blocks, unpowered buildings, or Contaminate may cause inaccurate times.
  • Supply counts are checked every 10 seconds.